[Event "December 19 Late 2023"]
[Site "https://www.chess.com"]
[Date "2023.12.19"]
[Round "6"]
[White "Drygalov, Sergey"]
[Black "Bluebaum, Matthias"]
[Result "0-1"]
[Board "1"]
[TimeControl "180+1"]
[WhiteFideId "24171743"]
[BlackFideId "24651516"]
[WhiteElo "2504"]
[BlackElo "2621"]
[WhiteTeam "RUS"]
[BlackTeam "GER"]
[WhiteClock "0:00:07"]
[BlackClock "0:01:13"]

1. d4 d5 2. c4 e6 3. Nf3 Nf6 4. g3 Nc6 5. Bg2 Bd6 6. O-O O-O 7. b3 dxc4 8. bxc4 e5 9. c5 Be7 10. dxe5 Qxd1 11. Rxd1 Ne4 12. Be3 Bxc5 13. Bxc5 Nxc5 14. Nc3 Be6 15. e3 Rad8 16. h3 h6 17. a3 Nd3 18. Nb5 Bb3 19. Rd2 Ndxe5 20. Rxd8 Nxf3+ 21. Bxf3 Rxd8 22. Nxc7 Rd7 23. Nb5 Ne5 24. Bg2 a6 25. Nd4 Bd5 26. Rc1 Bxg2 27. Kxg2 b5 28. Rc8+ Kh7 29. Rc5 f6 30. h4 h5 31. Ne6 Rd6 32. Nf4 Rc6 33. Rd5 Rc2 34. Nxh5 Nc4 35. Kg1 Rc1+ 36. Kg2 Rc2 37. Kg1 Nxa3 38. Rd7 b4 39. Nxg7 b3 40. Nf5+ Kg8 41. h5 b2 42. h6 b1=Q+ 43. Kg2 Rxf2+ 44. Kxf2 Qxf5+ 0-1

[Event "December 19 Late 2023"]
[Site "https://www.chess.com"]
[Date "2023.12.19"]
[Round "6"]
[White "Sarana, Alexey"]
[Black "Dardha, Daniel"]
[Result "1-0"]
[Board "2"]
[TimeControl "180+1"]
[WhiteFideId "24133795"]
[BlackFideId "240990"]
[WhiteElo "2707"]
[BlackElo "2568"]
[WhiteTeam "SRB"]
[BlackTeam "BEL"]
[WhiteClock "0:00:10"]
[BlackClock "0:00:03"]

1. d4 d5 2. c4 dxc4 3. Nf3 Nf6 4. e3 e6 5. Bxc4 a6 6. O-O c5 7. Nc3 b5 8. Bb3 Bb7 9. e4 c4 10. Bc2 Be7 11. Qe2 b4 12. Na4 Nc6 13. Qxc4 O-O 14. Rd1 Rc8 15. Qe2 Qa5 16. b3 Qh5 17. h3 Rfd8 18. Bb2 Na7 19. Rac1 Nb5 20. Bd3 Qh6 21. Rxc8 Rxc8 22. Nc5 Bxc5 23. dxc5 Nc3 24. Bxc3 bxc3 25. b4 a5 26. a3 axb4 27. axb4 Qf4 28. g3 Qb8 29. Qc2 Bxe4 30. Bxe4 Qxb4 31. Ng5 h6 32. Bh7+ Kf8 33. Nf3 Qxc5 34. Bd3 g5 35. Qe2 Kg7 36. Bc2 Qc4 37. Rd3 Qc5 38. Kg2 Nd5 39. Qe5+ Nf6 40. Qe1 Qc7 41. Ne5 Qb7+ 42. Rf3 Qd5 43. Ng4 Nxg4 44. hxg4 Qc6 45. Qe5+ Kg8 46. Qf6 Rc7 47. Qxh6 Qd5 48. Bh7+ Kh8 49. Be4+ Kg8 50. Bxd5 1-0

[Event "December 19 Late 2023"]
[Site "https://www.chess.com"]
[Date "2023.12.19"]
[Round "6"]
[White "Maksimovic, Bojan"]
[Black "Sjugirov, Sanan"]
[Result "1-0"]
[Board "3"]
[TimeControl "180+1"]
[WhiteFideId "14408120"]
[BlackFideId "4189302"]
[WhiteElo "2527"]
[BlackElo "2569"]
[WhiteTeam "BIH"]
[BlackTeam "HUN"]
[WhiteClock "0:00:09"]
[BlackClock "0:00:00"]

1. a3 e5 2. h3 d5 3. e3 Bd6 4. d4 e4 5. c4 c6 6. Bd2 Nf6 7. cxd5 cxd5 8. Bb4 Nc6 9. Bxd6 Qxd6 10. Nc3 O-O 11. Bb5 Ne7 12. Nge2 a6 13. Ba4 Ng6 14. Bb3 Be6 15. O-O Nd7 16. Qd2 f5 17. Nf4 Nxf4 18. exf4 Rac8 19. Rac1 Nb6 20. Na4 Nc4 21. Bxc4 dxc4 22. Nc3 Bd5 23. Ne2 b5 24. Rfd1 Rfd8 25. Ng3 g6 26. Nf1 Bf7 27. g3 Qb6 28. Ne3 Rc6 29. Qc3 Rcd6 30. Rd2 Rxd4 31. Rxd4 Rxd4 32. Qb4 Qd6 33. Qe1 Rd3 34. h4 Qd4 35. Rc2 h5 36. Kg2 Qb6 37. Qb4 Qd6 38. Qa5 Qc6 39. a4 Kg7 40. axb5 axb5 41. Qb4 Qd7 42. Qa5 Rd6 43. Qb4 Kg8 44. Rc3 Ra6 45. Rc2 Rd6 46. Rc1 Rd3 47. Ra1 Kg7 48. Qc5 c3 49. bxc3 Qd6 50. Qxb5 Rxc3 51. Ra7 Rc7 52. Qb2+ Kh7 53. Ra8 Bg8 54. Qb8 Rg7 55. Qxd6 1-0

[Event "December 19 Late 2023"]
[Site "https://www.chess.com"]
[Date "2023.12.19"]
[Round "6"]
[White "Lazavik, Denis"]
[Black "Tari, Aryan"]
[Result "1-0"]
[Board "4"]
[TimeControl "180+1"]
[WhiteFideId "13515110"]
[BlackFideId "1510045"]
[WhiteElo "2556"]
[BlackElo "2577"]
[WhiteTeam "BLR"]
[BlackTeam "NOR"]
[WhiteClock "0:00:06"]
[BlackClock "0:00:05"]

1. d4 d5 2. c4 e6 3. Nf3 Nf6 4. g3 dxc4 5. Bg2 c5 6. O-O Nc6 7. dxc5 Qxd1 8. Rxd1 Bxc5 9. Nbd2 c3 10. bxc3 O-O 11. Nb3 Be7 12. c4 Bd7 13. Be3 Rfc8 14. Rac1 Be8 15. Nfd2 a5 16. h3 a4 17. Nc5 Rc7 18. Rb1 Rb8 19. Nxa4 Ra8 20. Nc3 Na5 21. Nb5 Rd7 22. Rdc1 Nc6 23. Rb2 Ra4 24. Nb3 Ne5 25. Rbc2 Rxc4 26. Rxc4 Nxc4 27. Rxc4 Rd1+ 28. Kh2 Bxb5 29. Rc8+ Rd8 30. Rxd8+ Bxd8 31. Bxb7 Bxe2 32. Nd4 Bc4 33. a4 Nd5 34. Nc6 Bc7 35. Bd2 Bb6 36. Kg1 Nc7 37. Ba5 Bxa5 38. Nxa5 Bd3 39. Nb3 Ba6 40. Bxa6 Nxa6 41. Kf1 Kf8 42. Ke2 Ke7 43. Kd3 Kd6 44. Kc4 Kc6 45. a5 h5 46. Nd4+ Kb7 47. h4 g6 48. Nf3 f6 49. Nd4 Nc7 50. Kc5 e5 51. Nb5 Na6+ 52. Kd6 Nb4 53. Ke6 e4 54. Kxf6 Nd3 55. Kxg6 Nxf2 56. Nc3 Ka6 57. Kxh5 Kxa5 58. Kg5 Kb4 59. Ne2 Kc5 60. h5 Kd6 61. h6 Ke7 62. h7 1-0

[Event "December 19 Late 2023"]
[Site "https://www.chess.com"]
[Date "2023.12.19"]
[Round "6"]
[White "Duda, Jan-Krzysztof"]
[Black "Yeletsky, Ivan"]
[Result "0-1"]
[Board "5"]
[TimeControl "180+1"]
[WhiteFideId "1170546"]
[BlackFideId "24180327"]
[WhiteElo "2775"]
[BlackElo "2379"]
[WhiteTeam "POL"]
[BlackTeam "RUS"]
[WhiteClock "0:00:00"]
[BlackClock "0:00:05"]

1. d4 d5 2. c4 c6 3. Nf3 Nf6 4. Nc3 dxc4 5. a4 Bf5 6. Ne5 e6 7. f3 Bb4 8. Nxc4 O-O 9. Kf2 h6 10. e4 Bh7 11. Be3 a5 12. h4 Na6 13. g4 Nd7 14. g5 h5 15. Rg1 Nc7 16. Qb3 c5 17. Rd1 cxd4 18. Bxd4 Qe7 19. Ne3 Rad8 20. Bh3 Bc5 21. Ne2 Bxd4 22. Nxd4 Nc5 23. Qc4 N7a6 24. Nb5 Nb4 25. Rxd8 Rxd8 26. Rd1 Rxd1 27. Nxd1 Qd7 28. Qd4 Qxd4+ 29. Nxd4 Nxa4 30. Ke3 Kf8 31. f4 Ke7 32. f5 exf5 33. exf5 Nc5 34. Nc3 f6 35. Bg2 Bg8 36. Bf3 Nbd3 37. Bxb7 Nxb2 38. Bd5 Nc4+ 39. Kf4 Bxd5 40. Nxd5+ Kf7 41. g6+ Kf8 42. Ne6+ Nxe6+ 43. fxe6 a4 44. Kf5 Nd6+ 45. Kf4 a3 46. Nb4 Ke7 47. Ke3 Kxe6 48. Kf4 Nf5 49. Na2 Nxh4 0-1

[Event "December 19 Late 2023"]
[Site "https://www.chess.com"]
[Date "2023.12.19"]
[Round "6"]
[White "Bortnyk, Olexandr"]
[Black "Nakamura, Hikaru"]
[Result "1/2-1/2"]
[Board "6"]
[TimeControl "180+1"]
[WhiteFideId "14120828"]
[BlackFideId "2016192"]
[WhiteElo "2731"]
[BlackElo "2874"]
[WhiteTeam "UKR"]
[BlackTeam "USA"]
[WhiteClock "0:00:14"]
[BlackClock "0:00:02"]

1. e4 d5 2. exd5 Qxd5 3. Nc3 Qa5 4. Nf3 c5 5. d4 cxd4 6. Nxd4 a6 7. Bf4 Nf6 8. Nb3 Qf5 9. Bg3 Nc6 10. Bd3 Qh5 11. Qxh5 Nxh5 12. Nd5 Nxg3 13. hxg3 Rb8 14. O-O-O e6 15. Nb6 Be7 16. Bxh7 g6 17. f4 Bd8 18. Nxc8 Rxc8 19. Nc5 Rc7 20. Nxe6 Re7 21. Nxd8 Nxd8 22. f5 g5 23. Rh5 Nc6 24. Rdh1 Re2 25. Rxg5 Ke7 26. Rh6 Nd4 27. f6+ Kd6 28. Rh4 Ne6 29. Rg8 Rxg8 30. Bxg8 Ng5 31. b3 Ke5 32. Rb4 Kxf6 33. Rxb7 Re8 34. Bxf7 Nxf7 35. Rb6+ Ke5 36. Rxa6 Rg8 37. Rc6 Rxg3 38. a4 Kd5 39. Rc7 Ne5 40. a5 Kd6 41. Rc8 Nc6 42. a6 Rg7 43. Ra8 Kc5 44. Kb2 Kb6 45. Rc8 Rxg2 46. Ka3 Rxc2 47. a7 Kxa7 48. Rc7+ Kb6 49. Rh7 Nd4 50. Rh6+ Ka5 51. b4+ Kb5 52. Rh5+ Kb6 53. Rc5 Rh2 54. Rg5 Rh3+ 55. Kb2 Nc6 56. b5 Nb4 57. Rf5 Ka5 58. b6+ Kxb6 59. Kc1 Rh2 60. Kd1 Kc6 61. Ke1 Nc2+ 62. Kf1 Ne3+ 63. Kg1 Ra2 64. Rf8 Kd5 65. Re8 Kd4 66. Re7 Kd3 67. Re8 Rg2+ 68. Kh1 Rg7 69. Kh2 Ke2 70. Rf8 Rg5 71. Kh3 Nf5 72. Ra8 Kf3 73. Ra3+ Ne3 74. Kh4 Rb5 75. Rd3 Ra5 76. Rb3 Rc5 77. Ra3 Rb5 78. Rd3 Ke2 79. Ra3 Kf2 80. Rd3 Nd5 81. Rd4 Nf6 82. Rf4+ Ke3 83. Rxf6 Rb8 84. Kg5 Rg8+ 85. Kf5 Ra8 86. Re6+ Kf3 87. Rf6 Ke2 88. Rd6 Ke1 89. Ke6 Kf1 90. Ke7 Kg1 91. Rd8 Ra7+ 92. Ke6 Ra2 93. Rg8+ Kf1 94. Rg3 Ra5 95. Re3 Kf2 96. Re5 Ra8 97. Rf5+ Kg3 98. Rf7 Kg4 99. Rg7+ Kf4 100. Rg1 Re8+ 101. Kf7 Re2 102. Rf1+ Ke5 103. Ra1 Rf2+ 104. Ke7 Rb2 105. Ra5+ Kd4 106. Ke6 Rb6+ 107. Kf5 Rb8 108. Ra4+ Kc5 109. Ra1 Re8 110. Rc1+ Kb4 111. Rd1 Rf8+ 112. Ke6 Ra8 113. Ke7 Kc3 114. Rd7 Ra1 115. Rd6 Re1+ 116. Re6 Rh1 117. Kf7 Kd4 118. Kg7 Kd5 119. Rh6 Ra1 120. Rg6 Ke5 121. Rg5+ Kf4 122. Rb5 Ra7+ 123. Kf6 Ra6+ 124. Ke7 Ke4 125. Kd7 Kd4 126. Kc7 Rh6 127. Rg5 Rh7+ 128. Kd6 Ke4 129. Re5+ Kd4 130. Re7 Rh6+ 131. Re6 Rh8 132. Kd7 Kc5 133. Re5+ 1/2-1/2

[Event "December 19 Late 2023"]
[Site "https://www.chess.com"]
[Date "2023.12.19"]
[Round "6"]
[White "Livaic, Leon"]
[Black "Niemann, Hans Moke"]
[Result "0-1"]
[Board "7"]
[TimeControl "180+1"]
[WhiteFideId "14531534"]
[BlackFideId "2093596"]
[WhiteElo "2541"]
[BlackElo "2614"]
[WhiteTeam "CRO"]
[BlackTeam "USA"]
[WhiteClock "0:00:08"]
[BlackClock "0:01:00"]

1. d4 Nf6 2. c4 e6 3. Nf3 d5 4. Nc3 c6 5. Bg5 h6 6. Bxf6 Qxf6 7. Qc2 g5 8. cxd5 exd5 9. Nxd5 Qd8 10. Nc3 g4 11. Qe4+ Be7 12. Ne5 f5 13. Qd3 Bf6 14. f4 gxf3 15. Nxf3 Be6 16. e4 O-O 17. Be2 Bg7 18. O-O Nd7 19. exf5 Bxf5 20. Qd2 Kh8 21. Rad1 Qe7 22. Bd3 Bg4 23. Rde1 Qb4 24. Bb1 Bxf3 25. Qc2 Qxd4+ 26. Kh1 Be4 27. Nxe4 Qxb2 28. Qd3 Ne5 29. Qh3 Rxf1+ 30. Rxf1 Rf8 31. Rg1 Qe2 32. Ng3 Ng4 0-1

[Event "December 19 Late 2023"]
[Site "https://www.chess.com"]
[Date "2023.12.19"]
[Round "6"]
[White "Fedoseev, Vladimir"]
[Black "Dourerassou, Jonathan"]
[Result "1-0"]
[Board "8"]
[TimeControl "180+1"]
[WhiteFideId "24130737"]
[BlackFideId "628050"]
[WhiteElo "2719"]
[BlackElo "2499"]
[WhiteTeam "SLO"]
[BlackTeam "FRA"]
[WhiteClock "0:01:41"]
[BlackClock "0:00:00"]

1. e4 c5 2. Nf3 e6 3. c3 d5 4. e5 Nc6 5. d4 Bd7 6. Na3 a6 7. Nc2 b5 8. h4 b4 9. Bd2 Qb6 10. h5 h6 11. Be2 c4 12. Ne3 Nge7 13. Bxc4 Nc8 14. Bd3 Be7 15. O-O a5 16. Ng4 Qb7 17. c4 dxc4 18. Bxc4 Nb6 19. Bd3 Na7 20. Qe2 Nd5 21. a4 Nc8 22. Rfc1 Ncb6 23. b3 Rc8 24. Rxc8+ Qxc8 25. Rc1 Qa8 26. Qe4 Qa7 27. Ne3 Nxe3 28. fxe3 Nd5 29. Qg4 O-O 30. e4 Nc3 31. Bxh6 g6 32. hxg6 f5 33. exf5 Rxf5 34. Re1 Bc6 35. Bxf5 Bxf3 36. Qxf3 exf5 37. Qxf5 Qxd4+ 38. Be3 Qd5 39. Qh5 1-0

[Event "December 19 Late 2023"]
[Site "https://www.chess.com"]
[Date "2023.12.19"]
[Round "6"]
[White "Mikaelyan, Arman"]
[Black "Keymer, Vincent"]
[Result "0-1"]
[Board "9"]
[TimeControl "180+1"]
[WhiteFideId "13304852"]
[BlackFideId "12940690"]
[WhiteElo "2445"]
[BlackElo "2629"]
[WhiteTeam "ARM"]
[BlackTeam "GER"]
[WhiteClock "0:00:00"]
[BlackClock "0:00:14"]

1. d4 Nf6 2. c4 e6 3. Nf3 b6 4. g3 Ba6 5. b3 Bb4+ 6. Bd2 Be7 7. Bg2 d5 8. cxd5 exd5 9. O-O O-O 10. Nc3 Re8 11. a3 c5 12. Bg5 Nc6 13. dxc5 bxc5 14. Rc1 d4 15. Na4 Nd7 16. Bf4 Bb5 17. b4 Bf6 18. Re1 c4 19. Nd2 c3 20. Ne4 Rxe4 21. Bxe4 g5 22. Bd6 Nb6 23. Nxb6 axb6 24. a4 Bxa4 25. Qd3 Qxd6 26. Ra1 Nxb4 27. Qf3 Ra5 28. Qh5 Bc6 29. Qxh7+ Kf8 30. Qh6+ Ke7 31. Rxa5 bxa5 32. Bxc6 Qxc6 33. Qh7 c2 34. Rc1 a4 35. Qf5 a3 36. Qa5 Qc3 37. Qa7+ Kf8 38. h3 Kg7 39. Qb6 a2 40. Qa5 Qd2 41. Ra1 c1=Q+ 0-1

[Event "December 19 Late 2023"]
[Site "https://www.chess.com"]
[Date "2023.12.19"]
[Round "6"]
[White "Paravyan, David"]
[Black "Bryakin, Mikhail"]
[Result "1/2-1/2"]
[Board "10"]
[TimeControl "180+1"]
[WhiteFideId "4194985"]
[BlackFideId "4165314"]
[WhiteElo "2566"]
[BlackElo "2495"]
[WhiteTeam "FID"]
[BlackTeam "SRB"]
[WhiteClock "0:00:06"]
[BlackClock "0:00:07"]

1. e4 c6 2. d4 d5 3. Nd2 dxe4 4. Nxe4 Bf5 5. Ng3 Bg6 6. Nf3 Nd7 7. Bd3 Ngf6 8. Bxg6 hxg6 9. Qe2 e6 10. O-O Bd6 11. c4 Bxg3 12. fxg3 Qa5 13. Bf4 O-O 14. Bd6 Rfe8 15. Ne5 Nxe5 16. dxe5 Nd7 17. h4 f5 18. Qe3 Nf8 19. Qg5 Qd8 20. Qe3 Qb6 21. c5 Qb4 22. a3 Qa4 23. Rf4 Qa6 24. g4 Nh7 25. Raf1 b6 26. gxf5 gxf5 27. g4 g6 28. R4f2 Qb7 29. Rg2 Kh8 30. Qh6 Qf7 31. Kh2 Rg8 32. Qe3 b5 33. Rf3 Rg7 34. h5 gxh5 35. gxf5 Rxg2+ 36. Kxg2 Rg8+ 37. Kh2 Qg7 38. Rg3 Qxg3+ 39. Qxg3 Rxg3 40. Kxg3 Kg7 41. fxe6 Ng5 42. e7 Kf7 43. Kh4 Ne4 44. Kxh5 Nd2 45. Kg5 Nc4 46. b3 Nxa3 47. e6+ Ke8 48. Kf6 a5 49. Ke5 a4 50. bxa4 bxa4 51. Kd4 Nb5+ 52. Kc4 a3 53. Kb3 Nd4+ 54. Kxa3 Nxe6 55. Kb4 Kd7 56. Ka5 Ng7 57. Kb6 Ne8 58. Kb7 Nf6 59. Bg3 Ne4 60. Bd6 Nf6 61. Bf4 Ne4 62. Be3 Kxe7 63. Kxc6 Kd8 64. Kd5 Nc3+ 65. Kc4 Ne4 66. c6 Kc7 67. Kd5 Nf6+ 68. Kc5 Ne4+ 69. Kb5 Nd6+ 70. Kc5 Ne4+ 71. Kb5 Nd6+ 72. Kc5 Ne4+ 1/2-1/2

[Event "December 19 Late 2023"]
[Site "https://www.chess.com"]
[Date "2023.12.19"]
[Round "6"]
[White "Seemann, Jakub"]
[Black "Bortnyk, Mykola"]
[Result "0-1"]
[Board "11"]
[TimeControl "180+1"]
[WhiteFideId "21874697"]
[BlackFideId "14120836"]
[WhiteElo "2332"]
[BlackElo "2592"]
[WhiteTeam "POL"]
[BlackTeam "UKR"]
[WhiteClock "0:00:23"]
[BlackClock "0:00:26"]

1. d4 Nf6 2. c4 e6 3. Nf3 d5 4. g3 dxc4 5. Bg2 Bd7 6. Ne5 Bc6 7. Nxc6 Nxc6 8. e3 Qd7 9. O-O Rd8 10. b3 cxb3 11. Qxb3 Na5 12. Qc2 Be7 13. Bd2 Nc6 14. Rc1 Nd5 15. Nc3 O-O 16. Nxd5 exd5 17. Rab1 Rb8 18. a4 a5 19. Rb5 Bd6 20. Rxd5 Nb4 21. Bxb4 axb4 22. Rh5 g6 23. Rg5 Qe7 24. h4 c6 25. Bf1 Ra8 26. Bc4 Kg7 27. Bb3 h6 28. Rc5 Bxc5 29. dxc5 Qe5 30. Qc4 Qb2 31. Rc2 Qa1+ 32. Kg2 Rad8 33. Qxb4 Rd1 34. Qe4 Rh1 35. Rd2 Qf1+ 36. Kf3 Rh2 37. Qe5+ Kh7 38. Qf6 Qg2+ 39. Kf4 Qxf2+ 40. Rxf2 Rxf2+ 41. Ke5 Re8+ 0-1

[Event "December 19 Late 2023"]
[Site "https://www.chess.com"]
[Date "2023.12.19"]
[Round "6"]
[White "Makarian, Rudik"]
[Black "Apoorv Kamble"]
[Result "1-0"]
[Board "12"]
[TimeControl "180+1"]
[WhiteFideId "44105681"]
[BlackFideId "25683012"]
[WhiteElo "2540"]
[BlackElo "1940"]
[WhiteTeam "FID"]
[BlackTeam "IND"]
[WhiteClock "0:00:04"]
[BlackClock "0:00:04"]

1. g3 Nf6 2. Bg2 d5 3. c4 e6 4. Nf3 Be7 5. O-O dxc4 6. Qa4+ Bd7 7. Qxc4 c5 8. Ne5 Nc6 9. Nxc6 Bxc6 10. Bxc6+ bxc6 11. d3 O-O 12. Nc3 Rb8 13. Qa4 Qb6 14. Qc2 Nd5 15. Na4 Qa5 16. b3 Bf6 17. Bd2 Nb4 18. Rac1 Qxa4 19. bxa4 Nxc2 20. Rxc2 Be7 21. Rfc1 Rb6 22. Be3 Ra6 23. Bxc5 Bxc5 24. Rxc5 Rxa4 25. R1c2 h5 26. Rxc6 h4 27. Kg2 hxg3 28. hxg3 Rb8 29. Rc7 a5 30. Ra7 Ra3 31. Kf3 Ra4 32. Ke3 Rd8 33. Rac7 Rd5 34. R7c4 Ra3 35. g4 g5 36. Rb2 Re5+ 37. Kd2 Kg7 38. f3 Rd5 39. Rc7 Kg6 40. Ke3 Re5+ 41. Kf2 a4 42. Rc4 Ra5 43. Ke3 Re5+ 44. Kd2 f5 45. Rbc2 f4 46. Kc1 Rb5 47. Rb2 Re5 48. Kb1 Kf6 49. Rcb4 Rc5 50. Rd2 Rac3 51. Rxa4 Rb5+ 52. Rb2 Rbc5 53. a3 Rc1+ 54. Ka2 Re1 55. Re4 Rcc1 56. Kb3 Ra1 57. Ka4 Rec1 58. Rb6 Kf7 59. Rb2 Rc3 60. Rb3 Rc2 61. Kb4 Rca2 62. Re5 Rc1 63. Rxg5 Rc8 64. Rb5 Rxe2 65. a4 Re3 66. d4 Rxb3+ 67. Kxb3 Kf6 68. a5 Rc1 69. a6 Ra1 70. Kc4 Rxa6 71. Kd3 Ra3+ 72. Ke4 Ra4 73. Re5 Rb4 74. Rc5 Ra4 75. Rc8 Rb4 76. Rd8 Ke7 77. Rh8 Kd6 78. Rh5 Ra4 79. Rh6 Rb4 80. Rf6 Ke7 81. Rxf4 Rb5 82. Ke3 Rb3+ 83. Kf2 Rb2+ 84. Kg3 Kd6 85. Re4 Kd5 86. Kf4 Rb8 87. Re5+ Kd6 88. Ke4 Rb1 89. g5 Re1+ 90. Kf4 Rd1 91. Re4 Rg1 92. Re2 Kd5 93. Re5+ Kd6 94. Ke3 Re1+ 95. Kf4 Rg1 96. Ra5 Rd1 97. Kg4 Rxd4+ 98. Kh5 Rf4 99. Ra3 Ke7 100. Kg6 e5 101. Re3 Ke6 102. Rb3 Rf8 103. Kg7 Rf5 104. g6 Rg5 105. Rb6+ Kf5 106. Rf6# 1-0

[Event "December 19 Late 2023"]
[Site "https://www.chess.com"]
[Date "2023.12.19"]
[Round "6"]
[White "Rastbod, Ali"]
[Black "Esipenko, Andrey"]
[Result "0-1"]
[Board "13"]
[TimeControl "180+1"]
[WhiteFideId "12567477"]
[BlackFideId "24175439"]
[WhiteElo "2209"]
[BlackElo "2615"]
[WhiteTeam "IRI"]
[BlackTeam "FID"]
[WhiteClock "0:00:00"]
[BlackClock "0:00:06"]

1. c4 e5 2. Nc3 Nf6 3. Nf3 Nc6 4. g3 Bb4 5. Bg2 O-O 6. O-O e4 7. Ng5 Bxc3 8. bxc3 Re8 9. d3 exd3 10. exd3 h6 11. Ne4 d6 12. Rb1 Nxe4 13. Bxe4 Qf6 14. Bd2 Ne5 15. Bf4 Ng6 16. Be3 c6 17. Bd4 Qg5 18. f4 Qd8 19. Qh5 Nf8 20. f5 f6 21. h4 Re7 22. Rbe1 Bd7 23. Qf3 Be8 24. Qf4 c5 25. Bf2 Bc6 26. Bxc6 bxc6 27. g4 Qd7 28. Rxe7 Qxe7 29. Re1 Qd7 30. Bg3 Rd8 31. g5 hxg5 32. hxg5 fxg5 33. Qxg5 Re8 34. Rxe8 Qxe8 35. Bxd6 Qe1+ 36. Kg2 Qe2+ 37. Kg1 Qxd3 38. Be5 Qd1+ 39. Kf2 Qd7 40. f6 g6 41. Ke3 Kf7 42. Ke4 Qd1 43. Qh6 Qe2+ 44. Qe3 Qxc4+ 45. Kf3 Ne6 46. Kg3 Qd5 47. Bb8 Kxf6 48. Kg4 a5 49. Kg3 a4 50. c4 Qxc4 51. Be5+ Kf5 52. Bb8 Qg4+ 53. Kf2 Qd4 54. Kf3 Qxe3+ 55. Kxe3 g5 56. Ba7 g4 0-1

[Event "December 19 Late 2023"]
[Site "https://www.chess.com"]
[Date "2023.12.19"]
[Round "6"]
[White "Poormosavi, Seyed Kian"]
[Black "Ivic, Velimir"]
[Result "0-1"]
[Board "14"]
[TimeControl "180+1"]
[WhiteFideId "12585807"]
[BlackFideId "950122"]
[WhiteElo "2296"]
[BlackElo "2542"]
[WhiteTeam "IRI"]
[BlackTeam "SRB"]
[WhiteClock "0:00:25"]
[BlackClock "0:02:19"]

1. Nf3 Nf6 2. g3 g6 3. Bg2 Bg7 4. d4 O-O 5. Kf1 d6 6. c3 Nbd7 7. h3 e5 8. Kg1 e4 9. Ne1 d5 10. Kh2 h5 11. Nc2 h4 12. g4 c6 13. f4 exf3 14. exf3 Qc7+ 15. f4 Ne4 16. Qf3 f5 17. Rf1 Ndf6 18. gxf5 Bxf5 19. Ne3 Nh5 20. Ng4 Neg3 21. Rf2 Be4 22. Qd1 Nxf4 23. Bxf4 Rxf4 24. Kg1 Raf8 25. Nd2 Rxf2 26. Nxf2 Bxg2 27. Kxg2 Qf4 28. Nf3 Nf5 29. Ng4 Qg3+ 30. Kh1 Qxh3+ 31. Ngh2 Bh6 32. Qf1 Ng3+ 0-1

[Event "December 19 Late 2023"]
[Site "https://www.chess.com"]
[Date "2023.12.19"]
[Round "6"]
[White "Sanal, Vahap"]
[Black "Weetik, Vjacheslav"]
[Result "0-1"]
[Board "15"]
[TimeControl "180+1"]
[WhiteFideId "6300545"]
[BlackFideId "4153472"]
[WhiteElo "2637"]
[BlackElo "2469"]
[WhiteTeam "TUR"]
[BlackTeam "RUS"]
[WhiteClock "0:01:01"]
[BlackClock "0:01:28"]

1. e4 c6 2. Nf3 d5 3. d3 Bg4 4. Nbd2 e6 5. h3 Bh5 6. g4 Bg6 7. h4 h6 8. Qe2 Nd7 9. Bg2 Bb4 10. c3 Ba5 11. d4 Ngf6 12. e5 Ne4 13. h5 Bh7 14. Nb3 Bb6 15. Nh4 Qc7 16. f3 Ng3 17. Qd1 Nxe5 18. Kf2 Nd3+ 19. Kg1 Nxh1 20. Kxh1 Nf2+ 0-1

[Event "December 19 Late 2023"]
[Site "https://www.chess.com"]
[Date "2023.12.19"]
[Round "6"]
[White "Khismatullin, Denis"]
[Black "Zhu, Jiner"]
[Result "1-0"]
[Board "16"]
[TimeControl "180+1"]
[WhiteFideId "4142578"]
[BlackFideId "8608059"]
[WhiteElo "2552"]
[BlackElo "2384"]
[WhiteTeam "RUS"]
[BlackTeam "CHN"]
[WhiteClock "0:00:28"]
[BlackClock "0:00:00"]

1. c4 Nf6 2. Nc3 g6 3. e4 Bg7 4. d4 d6 5. Nf3 O-O 6. Be2 e5 7. d5 a5 8. Bg5 h6 9. Bh4 Na6 10. O-O Nc5 11. Nd2 Bd7 12. Kh1 Qe8 13. b3 Nh7 14. a3 f5 15. f3 f4 16. b4 Na6 17. Rb1 h5 18. Bf2 axb4 19. axb4 g5 20. c5 Rf6 21. c6 Bc8 22. Ra1 b5 23. Nxb5 Qg6 24. Nc3 g4 25. b5 g3 26. Bg1 h4 27. Re1 h3 28. Bf1 Qg5 29. gxh3 Rg6 30. Qe2 Nf6 31. Rxa6 Bxa6 32. bxa6 Nh5 33. Ra1 Bf6 34. a7 Kh7 35. Nb5 gxh2 36. Bxh2 Rag8 37. a8=Q Rxa8 38. Rxa8 Qh4 39. Bg2 1-0

[Event "December 19 Late 2023"]
[Site "https://www.chess.com"]
[Date "2023.12.19"]
[Round "6"]
[White "Kovalev, Vladislav"]
[Black "Mokshanov, Alexey"]
[Result "1-0"]
[Board "17"]
[TimeControl "180+1"]
[WhiteFideId "13504398"]
[BlackFideId "24121657"]
[WhiteElo "2539"]
[BlackElo "2278"]
[WhiteTeam "FID"]
[BlackTeam "RUS"]
[WhiteClock "0:00:14"]
[BlackClock "0:00:07"]

1. e4 e6 2. d4 d5 3. exd5 exd5 4. Nf3 Nf6 5. Bd3 Bd6 6. Qe2+ Qe7 7. Qxe7+ Kxe7 8. O-O Re8 9. Nc3 c6 10. Ne5 h6 11. Re1 Kf8 12. Bf4 Bb4 13. a3 Bxc3 14. bxc3 Nbd7 15. a4 Nxe5 16. Bxe5 Bd7 17. a5 b5 18. axb6 axb6 19. Bd6+ Kg8 20. Rxe8+ Rxe8 21. f3 Rc8 22. Ra6 b5 23. g4 Ne8 24. Bg3 c5 25. dxc5 Rxc5 26. Ra7 Bc8 27. Be5 f6 28. Bd4 Rc7 29. Ra8 Nd6 30. h4 Kf7 31. h5 Ke7 32. Kf2 Nc4 33. Kg3 Ne5 34. Bh7 Be6 35. f4 Nc6 36. Bc5+ Kd7 37. Bg6 Ne7 38. Be8# 1-0

[Event "December 19 Late 2023"]
[Site "https://www.chess.com"]
[Date "2023.12.19"]
[Round "6"]
[White "Goltsev, Dmitry"]
[Black "Svane, Rasmus"]
[Result "0-1"]
[Board "18"]
[TimeControl "180+1"]
[WhiteFideId "24176710"]
[BlackFideId "4657101"]
[WhiteElo "2370"]
[BlackElo "2597"]
[WhiteTeam "RUS"]
[BlackTeam "GER"]
[WhiteClock "0:00:54"]
[BlackClock "0:01:39"]

1. e4 c6 2. d4 d5 3. Nc3 dxe4 4. Nxe4 Nf6 5. Ng3 g6 6. Nf3 Bg7 7. c3 O-O 8. Bd3 Qc7 9. O-O c5 10. dxc5 Qxc5 11. Be3 Qc7 12. h3 Nc6 13. Qc2 b6 14. Ne4 Bb7 15. Nxf6+ Bxf6 16. Be4 Rac8 17. Rac1 Rfd8 18. a3 Na5 19. Bxb7 Qxb7 20. Bd4 Bxd4 21. b4 Rxc3 22. Qd2 Nb3 23. Qh6 Nxc1 24. Ng5 Ne2+ 25. Kh1 Bg7 26. Qxh7+ Kf8 27. h4 Nf4 28. f3 Qa6 29. Re1 Qc4 30. h5 Rc1 31. h6 Rxe1+ 32. Kh2 Rh1+ 33. Kxh1 Qf1+ 34. Kh2 Qxg2# 0-1

[Event "December 19 Late 2023"]
[Site "https://www.chess.com"]
[Date "2023.12.19"]
[Round "6"]
[White "Kamsky, Gata"]
[Black "slidingknight2775"]
[Result "1-0"]
[Board "19"]
[TimeControl "180+1"]
[WhiteFideId "2000024"]
[WhiteElo "2660"]
[BlackElo "2663"]
[WhiteTeam "USA"]
[WhiteClock "0:02:09"]
[BlackClock "0:01:06"]

1. d4 Nf6 2. Bf4 c5 3. e3 Nd5 4. Bg3 Qb6 5. c4 Qxb2 6. cxd5 Qxa1 7. Qc2 Na6 8. a3 cxd4 9. Nf3 d3 10. Bxd3 Qf6 11. O-O d6 12. Bxa6 g6 13. Qc7 Bd7 14. Qxb7 Rd8 15. Nd4 Bg7 16. Nc6 1-0

[Event "December 19 Late 2023"]
[Site "https://www.chess.com"]
[Date "2023.12.19"]
[Round "6"]
[White "Bjelobrk, Igor"]
[Black "Zakhartsov, Vladimir"]
[Result "0-1"]
[Board "20"]
[TimeControl "180+1"]
[WhiteFideId "4300726"]
[BlackFideId "4145097"]
[WhiteElo "2319"]
[BlackElo "2448"]
[WhiteTeam "AUS"]
[BlackTeam "RUS"]
[WhiteClock "0:00:27"]
[BlackClock "0:00:40"]

1. d4 Nf6 2. c4 g6 3. Nc3 d5 4. Nf3 Bg7 5. h4 c6 6. cxd5 cxd5 7. Bf4 O-O 8. e3 Nc6 9. Ne5 Ne4 10. Nxc6 bxc6 11. Rc1 Qa5 12. Be2 Nxc3 13. Rxc3 c5 14. O-O cxd4 15. exd4 Qxa2 16. Qd2 Qa4 17. Rd1 Bf5 18. h5 Rfc8 19. h6 Bf8 20. Rdc1 Rxc3 21. bxc3 a5 22. Qb2 Qc6 23. Qb5 Bd7 24. Qxc6 Bxc6 25. Ra1 a4 26. Kf1 f6 27. c4 g5 28. Bd2 Bxh6 29. c5 e5 30. Bc3 Bg7 31. Ra3 exd4 32. Bxd4 f5 33. Bxg7 Kxg7 34. Bd3 Kf6 35. Ke2 Ra5 0-1